 Dungeon Crawl Stone Soup version 0.25-a0-322-g3677130cb1 (webtiles) character file.

Game seed: 59385638329764269, levelgen mode: deterministic

130 Glalom the Firebug (level 4, -1/24 HPs)
             Began as a Deep Elf Fire Elementalist on Dec 27, 2019.
             Slain by a centaur skeleton (4 damage)
             ... on level 3 of the Dungeon.
             The game lasted 00:07:36 (2498 turns).

Glalom the Firebug (Deep Elf Fire Elementalist)     Turns: 2498, Time: 00:07:37

Health: -1/24      AC:  2    Str:  5    XL:     4   Next: 89%
Magic:  10/12      EV: 13    Int: 21    God:
Gold:   64         SH:  0    Dex: 15    Spells: 6/11 levels left

rFire    . . .     SeeInvis .   d - +0 dagger
rCold    . . .     Gourm    .   (no shield)
rNeg     . . .     Faith    .   a - +0 robe
rPois    .         Spirit   .   (no helmet)
rElec    .         Reflect  .   (no cloak)
rCorr    .         Harm     .   (no gloves)
MR       .....                  (no boots)
Stlth    ++........             (no amulet)
HPRegen  0.08/turn              (no ring)
MPRegen  0.13/turn              (no ring)

@: no status effects
A: no striking features
a: no special abilities


You were on level 3 of the Dungeon.
You were hungry.

You visited 1 branch of the dungeon, and saw 3 of its levels.

You collected 64 gold pieces.

Inventory:

Hand Weapons
 d - a +0 dagger (weapon)
Missiles
 m - 6 curare-tipped darts (quivered)
Armour
 a - a +0 robe (worn)
Jewellery
 j - a cursed amulet of inaccuracy {unknown}
Scrolls
 b - 3 scrolls of identify {unknown}
 f - 3 scrolls of amnesia {unknown}
 g - a scroll of teleportation {unknown}
 h - a scroll of remove curse {unknown}
 k - a scroll of random uselessness {unknown}
 l - a scroll of immolation {unknown}
Potions
 e - 3 potions of curing {unknown}
 i - a potion of heal wounds {unknown}
Comestibles
 c - 9 rations


   Skills:
 - Level 2.4 Dodging
 - Level 2.4 Stealth
 - Level 4.1 Spellcasting
 + Level 3.3 Conjurations
 + Level 4.6 Fire Magic


You had 6 spell levels left.
You knew the following spells:

 Your Spells              Type           Power        Failure   Level  Hunger
a - Foxfire               Conj/Fire      ###.         2%          1    None
b - Sticky Flame          Conj/Fire      ###.....     22%         4    ####...

Your spell library contained the following spells:

 Spells                   Type           Power        Failure   Level  Hunger
 Conjure Flame            Conj/Fire      ###.....     7%          3    ###....
 Inner Flame              Hex/Fire       ##......     14%         3    ###....
 Fireball                 Conj/Fire      ###.......   54%         5    ######.


Dungeon Overview and Level Annotations

Branches:
Dungeon (3/15)

Altars:


Message History

Casting: Foxfire (safe; 2% risk of failure)
Confirm with . or Enter, or press ? or * to list all spells.
You conjure some foxfire!
The crimson imp hits you.
The foxfire hits the crimson imp but does no damage. x2
The centaur skeleton hits you.
* * * LOW HITPOINT WARNING * * *
The crimson imp shouts, "Out, out, thou vain rump-fed swadder!"
The crimson imp barely misses you.
The crimson imp blinks!
The centaur skeleton barely misses you. The crimson imp hits you.
* * * LOW HITPOINT WARNING * * *
The crimson imp hits you.
* * * LOW HITPOINT WARNING * * *
The centaur skeleton closely misses you.
The crimson imp blinks!
The centaur skeleton barely misses you. The centaur skeleton hits you.
* * * LOW HITPOINT WARNING * * *
The centaur skeleton hits you.
You die...

#....#.......#.#.#########.#
###.##.....................#
#.##........##.#####....###
#+##........##.# #.......
.........#...#.#####.....##
#.........#.#§......+.......
#.........#.#...#####.....#.
#.........#.##.÷# #....[#.
#.........#@##..#####.....#.
#.........#Z##)>....+.....#.
#.........#.##5######....###
#.........#.##.# ###.....
#.........#.##<# #####.####
######.........#.#####
#.........
.....................#
#.........
....................(#
#.........
.........5...........#
#.........


You could see a centaur skeleton.

Vanquished Creatures
  Jessica (D:3)
  3 adders
  2 dart slugs
  3 leopard geckos
  An orc (D:3)
  A ball python (D:3)
  6 bats
  3 giant cockroaches
  5 goblins
  13 hobgoblins
  11 kobolds
  A quokka (D:2)
  7 frilled lizards
  8 rats
65 creatures vanquished.

Vanquished Creatures (others)
  166 foxfires
166 creatures vanquished.

Grand Total: 231 creatures vanquished

Notes
Turn   | Place    | Note
-------+----------+-------------------------------------------
     0 | D:1      | Glalom the Deep Elf Fire Elementalist began the quest for
                  | the Orb.
     0 | D:1      | Reached XP level 1. HP: 10/10 MP: 6/6
   239 | D:1      | Reached XP level 2. HP: 15/15 MP: 5/8
   669 | D:1      | Reached XP level 3. HP: 19/19 MP: 7/9
  1334 | D:2      | Reached XP level 4. HP: 24/24 MP: 8/11
  1906 | D:3      | Noticed Jessica
  1914 | D:3      | Killed Jessica
  1944 | D:3      | Learned a level 4 spell: Sticky Flame
  2498 | D:3      | Slain by a centaur skeleton

Levels and vault maps discovered:
D:1:      dpeg_arrival_prison, layout_basic
D:2:      layout_rooms, nicolae_overflow_hidden_temple, first_ration
D:3:      layout_basic, uniq_jessica, uniq_sigmund

Skill      XL: |  1  2  3  4 |
---------------+-------------+-----
Conjurations   | 2 3 |  3.3
Fire Magic     | 4 |  4.6
Spellcasting   | 4 |  4.1
Dodging        | |  2.4
Stealth        | |  2.4

Action                   |  1- 3 |  4- 6 || total
-------------------------+-------+-------++-------
Melee: Dagger            |       |    39 ||    39
 Cast: Foxfire           |    64 |    50 ||   114
  Eat: Chunk             |     1 |     3 ||     4
Armor: Robe              |     1 |     3 ||     4
Dodge: Dodged            |    11 |    39 ||    50

Table legend:
 A = Non-vault XP
 B = Vault XP
 C = Vault XP percentage of total XP
 D = Non-vault monster count
 E = Vault monster count
 F = Vault count percentage of total count
                 A         B        C        D         E       F
            +---------+---------+-------+---------+---------+-------
      Total |     149 |      37 |  19.9 |      64 |       1 |   1.5
            +---------+---------+-------+---------+---------+-------
        D:1 |      48 |       0 |   0.0 |      27 |       0 |   0.0
        D:2 |      73 |       0 |   0.0 |      27 |       0 |   0.0
        D:3 |      28 |      37 |  56.9 |      10 |       1 |   9.1
            +---------+---------+-------+---------+---------+-------
